PL
BUFFALO WHITE WALKERS @ CHICAGO SILVER SOX
09/28/2037
 
TOP OF THE 1ST
Buffalo White Walkers batting - Pitching for Chicago Silver Sox : RHP Joe Pruitt
Pitching: RHP Joe Pruitt
Batting: LHB Jesús Lazcano 0-0: Ball
1-0: Foul Ball, location: 2F
1-1: Ball
2-1: Called Strike
2-2: Strikes out swinging
Batting: LHB Dread Roberts 0-0: Ground out 4-3 (Groundball, 34D, EV 96.9 MPH)
Batting: SHB Je-myung Yu 0-0: Fly out, F3 (Line Drive, 3, EV 73.1 MPH)
Top of the 1st over - 0 runs, 0 hits, 0 errors, 0 left on base; Buffalo 0 - Chicago 0
BOTTOM OF THE 1ST
Chicago Silver Sox batting - Pitching for Buffalo White Walkers : LHP Gerald Orlebar
Pitching: LHP Gerald Orlebar
Batting: RHB José García 0-0: Foul Ball, location: 2F
0-1: Ground out 6-3 (Groundball, 6, EV 82.5 MPH)
Batting: RHB Mitsuhide Bando 0-0: Ball
1-0: Ball
2-0: Fly out, F7 (Flyball, 78S, EV 92.5 MPH)
Batting: RHB Manuel Ramos 0-0: Ball
1-0: Ball
2-0: Ground out 4-3 (Groundball, 4, EV 89.4 MPH)
Bottom of the 1st over - 0 runs, 0 hits, 0 errors, 0 left on base; Buffalo 0 - Chicago 0
TOP OF THE 2ND
Buffalo White Walkers batting - Pitching for Chicago Silver Sox : RHP Joe Pruitt
Batting: SHB Max Bortenschlager 0-0: Called Strike
0-1: Called Strike
0-2: Ball
1-2: Ball
2-2: Foul Ball, location: 2F
2-2: Fly out, F4 (Line Drive, 4, EV 65.6 MPH)
Batting: LHB Gilberto Ocasio 0-0: Swinging Strike
0-1: Swinging Strike
0-2: Ball
1-2: Foul Ball, location: 2F
1-2: Strikes out swinging
Batting: RHB Luis Tañón 0-0: Ball
1-0: Foul Ball, location: 2F
1-1: SINGLE (Groundball, 56D, EV 103.1 MPH)
Batting: RHB Daryl Yandell 0-0: Ball
1-0: Ball
2-0: Swinging Strike
2-1: Foul Ball, location: 2F
2-2: Foul Ball, location: 2F
2-2: Fielders Choice at 2nd, 6-4 (Groundball, 6, EV 90.6 MPH)
Top of the 2nd over - 0 runs, 1 hit, 0 errors, 1 left on base; Buffalo 0 - Chicago 0
BOTTOM OF THE 2ND
Chicago Silver Sox batting - Pitching for Buffalo White Walkers : LHP Gerald Orlebar
Batting: LHB Jonathan Gunner 0-0: Swinging Strike
0-1: Ball
1-1: Foul Ball, location: 2F
1-2: SINGLE (Line Drive, 7S, EV 98.8 MPH)
Batting: RHB Fortunato Rasquinha 0-0: Ball
1-0: Ball
2-0: Called Strike
2-1: Ball
3-1: Grounds into double play, 5-4-3 (Groundball, 56, EV 98.8 MPH)
Batting: LHB Ashley Thachi 0-0: Called Strike
0-1: Foul Ball, location: 2F
0-2: Ball
1-2: Strikes out swinging
Bottom of the 2nd over - 0 runs, 1 hit, 0 errors, 0 left on base; Buffalo 0 - Chicago 0
TOP OF THE 3RD
Buffalo White Walkers batting - Pitching for Chicago Silver Sox : RHP Joe Pruitt
Batting: RHB Tom Smythe 0-0: Ball
1-0: Foul Ball, location: 2F
1-1: Swinging Strike
1-2: Ball
2-2: Foul Ball, location: 2F
2-2: Ball
3-2: Strikes out swinging
Batting: RHB Panas Pletnev 0-0: Ball
1-0: Ground out 5-3 (Groundball, 56S, EV 78.8 MPH)
Batting: LHB Jesús Lazcano 0-0: Swinging Strike
0-1: Ball
1-1: Ball
2-1: Ball
3-1: SINGLE (Line Drive, 3D, EV 101.2 MPH)
Batting: LHB Dread Roberts 0-0: Called Strike
0-1: Fly out, F2 (Popup, 5SF, EV 76.2 MPH)
Top of the 3rd over - 0 runs, 1 hit, 0 errors, 1 left on base; Buffalo 0 - Chicago 0
BOTTOM OF THE 3RD
Chicago Silver Sox batting - Pitching for Buffalo White Walkers : LHP Gerald Orlebar
Batting: SHB Gerrie Bond 0-0: Ball
1-0: Foul Ball, location: 2F
1-1: Called Strike
1-2: SINGLE (Line Drive, 5D, EV 106.2 MPH)
Batting: LHB Chris Fitzgerald 0-0: Called Strike
0-1: Foul Ball, location: 2F
0-2: Ball
1-2: Ball
2-2: Ball
3-2: Foul Ball, location: 2F
3-2: Foul Ball, location: 2F
3-2: Grounds into double play, 4-6-3 (Groundball, 4, EV 106.9 MPH)
Batting: SHB Bren Spillane 0-0: Ball
1-0: Ball
2-0: Swinging Strike
2-1: Ground out 4-3 (Groundball, 4, EV 85.0 MPH)
Bottom of the 3rd over - 0 runs, 1 hit, 0 errors, 0 left on base; Buffalo 0 - Chicago 0
TOP OF THE 4TH
Buffalo White Walkers batting - Pitching for Chicago Silver Sox : RHP Joe Pruitt
Batting: SHB Je-myung Yu 0-0: Ball
1-0: Swinging Strike
1-1: Called Strike
1-2: Foul Ball, location: 2F
1-2: Ball
2-2: Foul Ball, location: 2F
2-2: Strikes out looking
Batting: SHB Max Bortenschlager 0-0: Called Strike
0-1: Ball
1-1: SINGLE (Line Drive, 56, EV 100.6 MPH)
Batting: LHB Gilberto Ocasio 0-0: Called Strike
0-1: Swinging Strike
0-2: Foul Ball, location: 2F
0-2: Ball
1-2: Ball
2-2: Strikes out swinging
Batting: RHB Luis Tañón 0-0: Called Strike
0-1: Ball
1-1: Ball
2-1: SINGLE (Groundball, 34D, EV 106.2 MPH)
Max Bortenschlager to second
Runner from 2nd tries for 3rd, SAFE, no throw by RF
Batting: RHB Daryl Yandell 0-0: Foul Ball, location: 2F
0-1: SINGLE (Flyball, 89S, EV 100.0 MPH)
Max Bortenschlager scores
Luis Tañón to second
Batting: RHB Tom Smythe 0-0: Ball
1-0: Foul Ball, location: 2F
1-1: Ball
2-1: Fielders Choice at 2nd, 5-4 (Groundball, 56, EV 87.5 MPH)
Top of the 4th over - 1 run, 3 hits, 0 errors, 2 left on base; Buffalo 1 - Chicago 0
BOTTOM OF THE 4TH
Chicago Silver Sox batting - Pitching for Buffalo White Walkers : LHP Gerald Orlebar
Batting: RHB José García 0-0: Ground out U3 (Groundball, 34, EV 90.0 MPH)
Batting: RHB Mitsuhide Bando 0-0: Ball
1-0: Ground out 6-3 (Groundball, 6, EV 98.1 MPH)
Batting: RHB Manuel Ramos 0-0: SINGLE (Line Drive, 34D, EV 94.4 MPH)
Batting: LHB Jonathan Gunner 0-0: Fielders Choice at 2nd, U4 (Groundball, 4M, EV 95.0 MPH)
Bottom of the 4th over - 0 runs, 1 hit, 0 errors, 1 left on base; Buffalo 1 - Chicago 0
TOP OF THE 5TH
Buffalo White Walkers batting - Pitching for Chicago Silver Sox : RHP Joe Pruitt
Batting: RHB Panas Pletnev 0-0: Ball
1-0: Called Strike
1-1: Ball
2-1: Called Strike
2-2: Ball
3-2: Base on Balls
Pitching: RHP Valentin Calhamar
Batting: LHB Jesús Lazcano 0-0: Foul Ball, location: 2F
0-1: Fly out, F7 (Line Drive, 7, EV 83.1 MPH)
Batting: LHB Dread Roberts 0-0: Swinging Strike
0-1: Called Strike
0-2: Foul Ball, location: 2F
0-2: Ball
1-2: Ball
2-2: Fly out, F8 (Flyball, 8RS, EV 92.5 MPH)
Batting: SHB Je-myung Yu 0-0: Ball
Panas Pletnev steals 2nd base
1-0: Foul Ball, location: 2F
1-1: Fly out, F5 (Popup, 56S, EV 73.8 MPH)
Top of the 5th over - 0 runs, 0 hits, 0 errors, 1 left on base; Buffalo 1 - Chicago 0
BOTTOM OF THE 5TH
Chicago Silver Sox batting - Pitching for Buffalo White Walkers : LHP Gerald Orlebar
Batting: RHB Fortunato Rasquinha 0-0: Foul Ball, location: 2F
0-1: Foul Ball, location: 2F
0-2: Foul Ball, location: 2F
0-2: DOUBLE (Line Drive, 9LS, EV 96.2 MPH)
Batting: LHB Ashley Thachi 0-0: Called Strike
0-1: Ball
1-1: Foul Ball, location: 2F
1-2: Strikes out looking
Batting: SHB Gerrie Bond 0-0: Called Strike
0-1: 2-RUN HOME RUN (Flyball, 78XD, EV 98.1 MPH), Distance : 386 ft
Batting: LHB Chris Fitzgerald 0-0: Foul Ball, location: 2F
0-1: Swinging Strike
0-2: Strikes out looking
Batting: SHB Bren Spillane 0-0: Ground out 5-3 (Groundball, 56S, EV 85.6 MPH)
Bottom of the 5th over - 2 runs, 2 hits, 0 errors, 0 left on base; Buffalo 1 - Chicago 2
TOP OF THE 6TH
Buffalo White Walkers batting - Pitching for Chicago Silver Sox : RHP Valentin Calhamar
Batting: SHB Max Bortenschlager 0-0: Ball
1-0: Called Strike
1-1: Ball
2-1: Foul Ball, location: 2F
2-2: Foul Ball, location: 2F
2-2: Fly out, F8 (Flyball, 8RXD, EV 89.4 MPH)
Batting: LHB Gilberto Ocasio 0-0: Ball
1-0: Ball
2-0: Called Strike
2-1: Called Strike
2-2: Foul Ball, location: 2F
2-2: Strikes out looking
Batting: RHB Luis Tañón 0-0: Called Strike
0-1: Swinging Strike
0-2: Foul Ball, location: 2F
0-2: Strikes out swinging
Top of the 6th over - 0 runs, 0 hits, 0 errors, 0 left on base; Buffalo 1 - Chicago 2
BOTTOM OF THE 6TH
Chicago Silver Sox batting - Pitching for Buffalo White Walkers : LHP Gerald Orlebar
Batting: RHB José García 0-0: Ball
1-0: Ball
2-0: SINGLE (Line Drive, 78M, EV 109.4 MPH)
Batting: RHB Mitsuhide Bando 0-0: Ball
1-0: Ball
2-0: Ball
3-0: Base on Balls
José García to second
Batting: RHB Manuel Ramos 0-0: Called Strike
0-1: Called Strike
0-2: SINGLE (Line Drive, 8RS, EV 109.4 MPH)
José García to third
Mitsuhide Bando to second
Batting: LHB Jonathan Gunner 0-0: Foul Ball, location: 2F
0-1: Ball
1-1: Ball
2-1: SINGLE (Groundball, 34D, EV 105.6 MPH)
José García scores
Mitsuhide Bando to third
Manuel Ramos to second
Batting: RHB Fortunato Rasquinha 0-0: Foul Ball, location: 2F
0-1: SINGLE (Groundball, 6, EV 91.9 MPH) (infield hit)
Mitsuhide Bando scores
Manuel Ramos to third
Jonathan Gunner to second
Batting: LHB Ashley Thachi 0-0: Grounds into double play, 4-2-3 (Groundball, 4, EV 91.2 MPH)
Jonathan Gunner to third
Fortunato Rasquinha to second
Batting: SHB Gerrie Bond 0-0: Ball
1-0: Called Strike
1-1: Fly out, F9 (Flyball, 9, EV 81.2 MPH)
Bottom of the 6th over - 2 runs, 4 hits, 0 errors, 2 left on base; Buffalo 1 - Chicago 4
TOP OF THE 7TH
Buffalo White Walkers batting - Pitching for Chicago Silver Sox : RHP Valentin Calhamar
Pitching: RHP Shang-de Fu
Now at 1B: Jayden Laming
Batting: RHB Daryl Yandell 0-0: Foul Ball, location: 2F
0-1: SINGLE (Groundball, 34D, EV 102.5 MPH)
Batting: RHB Tom Smythe 0-0: Called Strike
0-1: Called Strike
0-2: Fly out, F3 (Popup, 34S, EV 71.9 MPH)
Batting: RHB Panas Pletnev 0-0: Ball
1-0: SINGLE (Groundball, 34, EV 90.0 MPH) (infield hit)
Daryl Yandell to second
Batting: LHB Jesús Lazcano 0-0: Swinging Strike
0-1: Ball
1-1: Grounds into double play, 5-4-3 (Groundball, 56, EV 87.5 MPH)
Top of the 7th over - 0 runs, 2 hits, 0 errors, 1 left on base; Buffalo 1 - Chicago 4
BOTTOM OF THE 7TH
Chicago Silver Sox batting - Pitching for Buffalo White Walkers : LHP Gerald Orlebar
Batting: LHB Chris Fitzgerald 0-0: Called Strike
0-1: Foul Ball, location: 2F
0-2: Strikes out swinging
Batting: SHB Bren Spillane 0-0: Called Strike
0-1: Fly out, F7 (Flyball, 7S, EV 93.1 MPH)
Batting: RHB José García 0-0: Swinging Strike
0-1: Ball
1-1: Foul Ball, location: 2F
1-2: Foul Ball, location: 2F
1-2: Foul Ball, location: 2F
1-2: Ball
2-2: Ball
3-2: Foul Ball, location: 2F
3-2: Base on Balls
Batting: RHB Mitsuhide Bando 0-0: Ball
1-0: SINGLE (Groundball, 34D, EV 95.0 MPH)
José García to second
Runner from 2nd tries for 3rd, SAFE, no throw by RF
Batting: RHB Manuel Ramos 0-0: Ball
1-0: Ball
2-0: Foul Ball, location: 2F
2-1: Ball
3-1: Foul Ball, location: 2F
3-2: Ground out 4-3 (Groundball, 34S, EV 86.9 MPH)
Bottom of the 7th over - 0 runs, 1 hit, 0 errors, 2 left on base; Buffalo 1 - Chicago 4
TOP OF THE 8TH
Buffalo White Walkers batting - Pitching for Chicago Silver Sox : RHP Shang-de Fu
Batting: LHB Dread Roberts 0-0: Bunt for hit to 23 - play at first, batter OUT! 3-4
Batting: SHB Je-myung Yu 0-0: Called Strike
0-1: Foul Ball, location: 2F
0-2: Ball
1-2: SOLO HOME RUN (Flyball, 9D, EV 95.6 MPH), Distance : 355 ft
Batting: SHB Max Bortenschlager 0-0: Ball
1-0: Foul Ball, location: 2F
1-1: Foul Ball, location: 2F
1-2: DOUBLE (Line Drive, 9LM, EV 103.8 MPH)
Batting: LHB Gilberto Ocasio 0-0: Ball
1-0: Called Strike
1-1: Ball
2-1: Fly out, F7 (Flyball, 7LS, EV 77.5 MPH)
Batting: RHB Luis Tañón 0-0: Called Strike
0-1: Ground out 5-3 (Groundball, 56, EV 89.4 MPH)
Top of the 8th over - 1 run, 2 hits, 0 errors, 1 left on base; Buffalo 2 - Chicago 4
BOTTOM OF THE 8TH
Chicago Silver Sox batting - Pitching for Buffalo White Walkers : LHP Gerald Orlebar
Batting: LHB Jonathan Gunner 0-0: Ball
1-0: Called Strike
1-1: Ball
2-1: Ground out 4-3 (Groundball, 34, EV 86.9 MPH)
Batting: RHB Fortunato Rasquinha 0-0: Foul Ball, location: 2F
0-1: Foul Ball, location: 2F
0-2: Ball
1-2: Strikes out swinging
Batting: LHB Jayden Laming 0-0: Ball
1-0: Reached on error, E3 (Groundball, 3, EV 91.9 MPH)
Pitching: RHP Ron Manning
Batting: SHB Gerrie Bond 0-0: Ball
1-0: Called Strike
1-1: Swinging Strike
1-2: Ball
2-2: Strikes out looking
Bottom of the 8th over - 0 runs, 0 hits, 1 error, 1 left on base; Buffalo 2 - Chicago 4
TOP OF THE 9TH
Buffalo White Walkers batting - Pitching for Chicago Silver Sox : RHP Shang-de Fu
Batting: RHB Daryl Yandell 0-0: Foul Ball, location: 2F
0-1: Called Strike
0-2: Ball
1-2: SINGLE (Groundball, 4D, EV 98.1 MPH)
Pinch Hitting: LHB Jin-yong Myung 0-0: Ball
1-0: Ball
2-0: SINGLE (Groundball, 4MD, EV 99.4 MPH)
Daryl Yandell to second
Pitching: RHP Surrealiste Zhejna
Pinch Runner at 2nd Peter Holland:
Batting: RHB Panas Pletnev 0-0: Ball
1-0: Sac Bunt to 23 - play at first, batter OUT! 3-4
Peter Holland to third
Jin-yong Myung to second
Batting: LHB Jesús Lazcano 0-0: Ball
1-0: Foul Ball, location: 2F
1-1: Foul Ball, location: 2F
1-2: Ground out 5-3 (Groundball, 56, EV 96.9 MPH)
Peter Holland scores
Batting: LHB Dread Roberts 0-0: Ball
1-0: Ball
2-0: Called Strike
2-1: Fly out, F8 (Flyball, 8LD, EV 91.9 MPH)
Top of the 9th over - 1 run, 2 hits, 0 errors, 1 left on base; Buffalo 3 - Chicago 4
Thursday, January 23rd, 2020 - OOTP Baseball 20.8 Build 74